AoeStats
← yaximi

Nomad

507727798Analyzed
4v4 RM · 12d ago on Sep 19, 2026· 20m 43s· 8 players
Game mode
Random Map
Map size
231×231
Population
200
Speed
Normal
Resources
Standard
Victory
Conquest
Starting age
Dark Age
Ending age
Imperial Age
RankedLock teamsTeams togetherTeam positionsShared explorationLock speedFull tech treeHidden civsTurbo modeCheats
Victory
Defeat
🇭🇰 Dravidians · Hong Kong SAR China
1660
+10
🇨🇳 Persians · China
1606
+11
🇨🇳 Celts · China
1560
+13
🇨🇳 Vikings · China
1470
+16
🇭🇰 Wei · Hong Kong SAR China
1516
-13
🇲🇽 Jurchens · Mexico
1510
-13
🇹🇷 Khmer · Türkiye
1495
-12
🇲🇽 Romans · Mexico
1487
-12
VL GALLO FINO
5:39 Loom
15:27 Feudal Age
16:03 Double-Bit Axe
17:36 Fishing Lines
18:02 Town Watch
Poseidon
13:39 Feudal Age
16:40 Castle Age
15:10 Double-Bit Axe
19:15 Horse Collar
20:10 Loom
局長
5:20 Loom
15:38 Feudal Age
16:52 Double-Bit Axe
19:53 Castle Age
17:47 Stone Mining
18:12 Fishing Lines
19:01 Gold Mining
21:12 Wheelbarrow
20:43 Fletching
Kanon
4:38 Loom
12:27 Feudal Age
18:33 Castle Age
17:25 Horse Collar
19:09 Bloodlines
yyx
15:15 Feudal Age
14:39 Loom
15:52 Town Watch
15:53 Double-Bit Axe
18:39 Castle Age
16:55 Forging
16:51 Scale Barding Armor
19:34 Husbandry
18:55 Light Cavalry
19:56 Chain Barding Armor
yaximi
4:43 Loom
11:52 Feudal Age
13:16 Fletching
20:49 Castle Age
18:47 Double-Bit Axe
19:24 Gold Mining
Allen
9:36 Loom
15:16 Feudal Age
18:55 Castle Age
16:46 Fishing Lines
17:25 Scale Barding Armor
17:46 Bloodlines
18:10 Gold Mining
18:51 Double-Bit Axe
19:55 Chain Barding Armor
21:20 Gold Shaft Mining
blurr
2:58 Loom
14:44 Feudal Age
15:20 Town Watch
17:00 Gold Mining
18:21 Fletching
Connection lost

Rejoining the realm…

Still unreachable

The connection could not be restored.

Session expired

The server has moved on; the page needs a fresh start.